 Dungeon Crawl Stone Soup version 0.20.1-1-g8b1a95d (webtiles) character file.

2231 pstr the Thaumaturge (level 9, -1/48 HPs)
             Began as a Kobold Earth Elementalist on Dec 1, 2017.
             Was a Follower of Elyvilon.
             Killed by divine providence
             ... invoked by an orc priest
              (12 damage)
             ... on level 8 of the Dungeon.
             The game lasted 00:25:18 (9421 turns).

pstr the Thaumaturge (Kobold Earth Elementalist)    Turns: 9421, Time: 00:25:19

Health: -1/48      AC:  2    Str:  5    XL:     9   Next: 62%
Magic:  2/21       EV: 16    Int: 19    God:    Elyvilon [*.....]
Gold:   465        SH:  0    Dex: 16    Spells: 11/24 levels left

rFire    . . .     SeeInvis .   z - -1 trident
rCold    . . .     Gourm    .   (shield currently unavailable)
rNeg     . . .     Faith    .   c - +0 robe
rPois    +         Spirit   .   (no helmet)
rElec    .         Reflect  .   (no cloak)
rCorr    .         Harm     .   (no gloves)
MR       .....                  (no boots)
Stlth    ++........             m - amulet of regeneration
Regen    0.6/turn               E - ring of loudness
MPRegen  0.2/turn               s - ring of poison resistance

@: very slightly contaminated
A: carnivore 3
a: Lesser Healing, Divine Protection, Renounce Religion


You were on level 8 of the Dungeon.
You worshipped Elyvilon.
Elyvilon was aware of your devotion.
You were very full.

You visited 1 branch of the dungeon, and saw 8 of its levels.

You collected 465 gold pieces.

Inventory:

Hand Weapons
 l - a +1 whip of draining
 z - a -1 trident (weapon)
Missiles
 b - 220 stones (quivered)
Armour
 c - a +0 robe (worn)
 g - a +0 helmet
 r - a +0 leather armour
 w - a +0 leather armour
Jewellery
 m - an amulet of regeneration (around neck)
 s - a ring of poison resistance (right hand)
 y - an uncursed amulet of guardian spirit
 E - a ring of loudness (left hand)
Wands
 x - a wand of paralysis (5/24)
 A - a wand of polymorph (9/24)
Scrolls
 f - a scroll of fog
 j - 2 scrolls of enchant weapon
 n - a scroll of identify
 o - 7 scrolls of remove curse
 q - 2 scrolls of teleportation
 u - 3 scrolls of fear
 F - a scroll of enchant armour {unknown}
 G - 2 scrolls of recharging
 J - a scroll of vulnerability {unknown}
Potions
 a - a potion of flight
 i - a potion of heal wounds
 k - a potion of degeneration
 p - a potion of agility
 t - a potion of haste
 v - 2 potions of lignification
 B - 3 potions of curing
Books
 e - a book of Geomancy

   Spells                             Type                      Level
   a - Sandblast                      Earth                        1
   b - Passwall                       Transmutation/Earth          2
   c - Stone Arrow                    Conjuration/Earth            3
   d - Petrify                        Transmutation/Earth          4
   e - Lee's Rapid Deconstruction     Earth                        5
 C - a book of Death

   Spells                             Type                      Level
   a - Corpse Rot                     Necromancy                   2
   b - Sublimation of Blood           Necromancy                   2
   c - Agony                          Necromancy                   5
   d - Dispel Undead                  Necromancy                   5
   e - Excruciating Wounds            Charms/Necromancy            5
   f - Bolt of Draining               Conjuration/Necromancy       5
   Elyvilon disapproves of the use of such an item.
 D - a book of Maledictions

   Spells                             Type                      Level
   a - Corona                         Hexes                        1
   b - Ensorcelled Hibernation        Hexes/Ice                    2
   c - Confuse                        Hexes                        3
   d - Tukima's Dance                 Hexes                        3
   e - Dazzling Spray                 Conjuration/Hexes            3
 H - a book of Minor Magic

   Spells                             Type                      Level
   a - Magic Dart                     Conjuration                  1
   b - Blink                          Translocation                2
   c - Call Imp                       Summoning                    2
   d - Slow                           Hexes                        2
   e - Conjure Flame                  Conjuration/Fire             3
   f - Mephitic Cloud                 Conjuration/Poison/Air       3
Comestibles
 d - 5 meat rations
 h - 2 royal jellies
 I - a chunk of flesh


   Skills:
 + Level 2.1 Fighting
 + Level 0.7 Polearms
 + Level 3.7 Dodging
 + Level 4.1 Stealth
 + Level 8.1 Spellcasting
 + Level 3.9 Conjurations
 + Level 1.0 Transmutations
 + Level 7.9 Earth Magic


You had 11 spell levels left.
You knew the following spells:

 Your Spells              Type           Power        Failure   Level  Hunger
a - Sandblast             Erth           #####.       1%          1    None
b - Stone Arrow           Conj/Erth      ####..       2%          3    None
c - Passwall              Tmut/Erth      ###.......   2%          2    None
d - Lee's Rapid Deconstr  Erth           #####.....   10%         5    #####..
e - Ensorcelled Hibernat  Hex/Ice        #.....       14%         2    None


Dungeon Overview and Level Annotations

Branches:
Dungeon (8/15)             Temple (0/1) D:6
   Lair: D:8-11

Altars:
Ashenzari
Elyvilon
Sif Muna
Uskayaw
Yredelemnul

Shops:
D:4 %   D:6 ?


Innate Abilities, Weirdness & Mutations

You are small and have problems with some larger weapons.
You are carnivorous and can eat meat at any time.


Message History

You closely miss the orc priest.
The orc priest is heavily wounded.
The orc priest hits you. The orc priest barely misses you.
Casting: Sandblast
Confirm with . or Enter, or press ? or * to list all spells.
Aiming: Sandblast
Press: ? - help, Shift-Dir - straight line, f/p - orc priest
Aim: an orc priest, wearing a ring mail (heavily wounded)
The blast of sand hits the orc priest.
The orc priest is almost dead.
b - 220 stones The orc priest hits you.
The orc priest calls upon Beogh to heal the orc priest.
The orc priest is healed somewhat.
The orc priest mumbles some strange prayers to Beogh against you.
Beogh smites you!
* * * LOW HITPOINT WARNING * * *
The orc priest invokes the aid of Beogh against you.
Beogh smites you!
You die...

# ####. .....####
####
.....>..####...
#......##...
#....ho##.####.# #
#.....hh)o......#
....#########.#####
.......@..ohh.#
...############


You could see an orc priest and 2 jackals.

Vanquished Creatures
  The ghost of yogakurto the Sneak, a novice DgEn (D:5)
  Sigmund (D:3)
  Edmund (D:4)
  An ice beast (D:5)
  2 sky beasts
  An orc warrior (D:7)
  2 centaurs
  2 big kobolds (D:5)
  3 bullfrogs (D:7)
  2 hounds
  A bullfrog zombie (D:6)
  4 orc priests
  2 orc wizards
  A centaur skeleton (D:5)
  2 iguanas
  Ijyb (D:3)
  6 worker ants
  Robin (D:2)
  2 gnolls (D:4)
  10 adders
  A shadow imp (D:6)
  2 oozes
  A worm (D:2)
  3 dart slugs
  3 leopard geckos
  22 orcs
  6 giant cockroaches
  11 goblins
  9 hobgoblins
  2 jackals (D:4)
  8 quokkas
  2 ball pythons
  A ball python zombie (D:5)
  9 bats
  4 frilled lizards
  47 kobolds
  A leopard gecko skeleton (D:4)
  8 rats
186 creatures vanquished.

Notes
Turn   | Place    | Note
-------+----------+-------------------------------------------
     0 | D:1      | pstr the Kobold Earth Elementalist began the quest for the Orb.
     0 | D:1      | Reached XP level 1. HP: 10/10 MP: 3/3
   177 | D:1      | Reached XP level 2. HP: 7/15 MP: 0/5
   915 | D:2      | Reached XP level 3. HP: 19/19 MP: 4/7
  1048 | D:2      | Learned a level 3 spell: Stone Arrow
  1051 | D:2      | Learned a level 2 spell: Passwall
  1112 | D:2      | Noticed Robin
  1292 | D:2      | Reached skill level 3 in Spellcasting
  1384 | D:2      | Killed Robin
  1384 | D:2      | Reached XP level 4. HP: 20/24 MP: 1/8
  2655 | D:3      | Found a basalt altar of Yredelemnul.
  2658 | D:3      | Found a deep blue altar of Sif Muna.
  2661 | D:3      | Found a hide-covered altar of Uskayaw.
  2663 | D:3      | Reached XP level 5. HP: 28/28 MP: 3/10
  2771 | D:3      | Found a shattered altar of Ashenzari.
  2864 | D:3      | Noticed Sigmund
  2872 | D:3      | Killed Sigmund
  2872 | D:3      | Reached skill level 4 in Spellcasting
  2872 | D:3      | Reached skill level 1 in Conjurations
  2872 | D:3      | Reached XP level 6. HP: 20/32 MP: 0/12
  3083 | D:3      | Noticed Ijyb
  3089 | D:3      | Paralysed by Ijyb for 7 turns
  3099 | D:3      | Killed Ijyb
  4554 | D:4      | Reached XP level 7. HP: 37/37 MP: 2/14
  4555 | D:4      | Reached skill level 5 in Spellcasting
  4769 | D:4      | Noticed Edmund
  4770 | D:4      | Found Humyecol's Food Emporium.
  4809 | D:4      | Killed Edmund
  4809 | D:4      | Reached skill level 5 in Earth Magic
  5076 | D:4      | Learned a level 5 spell: Lee's Rapid Deconstruction
  5079 | D:4      | Learned a level 2 spell: Ensorcelled Hibernation
  5080 | D:5      | Entered Level 5 of the Dungeon
  5083 | D:5      | Noticed yogakurto's ghost (novice DgEn)
  5084 | D:5      | Reached skill level 1 in Fighting
  5244 | D:5      | Killed yogakurto's ghost
  5244 | D:5      | Reached XP level 8. HP: 40/43 MP: 0/16
  5560 | D:5      | Reached skill level 6 in Spellcasting
  7087 | D:5      | Reached XP level 9. HP: 48/48 MP: 12/19
  7225 | D:5      | Reached skill level 7 in Spellcasting
  7265 | D:5      | Found a white marble altar of Elyvilon.
  7268 | D:5      | Became a worshipper of Elyvilon the Healer
  7823 | D:6      | Found Oskaggatz's Magic Scroll Shoppe.
  8004 | D:6      | Found a staircase to the Ecumenical Temple.
  8089 | D:6      | Reached * piety under Elyvilon
  9052 | D:7      | Reached skill level 8 in Spellcasting
  9421 | D:8      | Killed from afar by an orc priest

Skill      XL: |  1  2  3  4  5  6  7  8  9 |
---------------+----------------------------+-----
Spellcasting   | 3 4 5 6 8 |  8.1
Stealth        | 3 4 |  4.1
Conjurations   | 1 2 3 |  3.9
Earth Magic    | 4 6 7 |  7.9
Dodging        | 3 |  3.7
Fighting       | 1 2 |  2.1
Polearms       | |  0.7
Transmutations | |  1.0

Action                   |  1- 3 |  4- 6 |  7- 9 || total
-------------------------+-------+-------+-------++-------
Melee: Unarmed           |     1 |       |       ||     1
       Whip              |    11 |     2 |       ||    13
       Trident           |       |     5 |    56 ||    61
 Cast: Sandblast         |    41 |    23 |    77 ||   141
       Stone Arrow       |     4 |    57 |    84 ||   145
       Lee's Rapid Decon |       |       |    19 ||    19
  Use: Potion            |     2 |       |     5 ||     7
       Scroll            |     1 |       |     9 ||    10
  Eat: Chunk             |    10 |    15 |    23 ||    48
Armor: Robe              |    11 |       |     9 ||    20
Dodge: Dodged            |    41 |    16 |   145 ||   202
